 Dungeon Crawl Stone Soup version 0.20.1-1-g8b1a95d (webtiles) character file.

71 Monsterracer the Insei (level 4, 0/32 HPs)
             Began as a Barachi Transmuter on Oct 24, 2017.
             Slain by an orc
             ... wielding a +0 short sword
              (1 damage)
             ... on level 2 of the Dungeon.
             The game lasted 00:02:55 (2578 turns).

Monsterracer the Insei (Barachi Transmuter)         Turns: 2578, Time: 00:02:56

Health: 0/32       AC:  3    Str: 11    XL:     4   Next: 24%
Magic:  0/7        EV: 12    Int: 14    God:
Gold:   126        SH:  0    Dex: 13    Spells: 1/7 levels left

rFire    . . .     SeeInvis .     - Unarmed
rCold    . . .     Gourm    .   (no shield)
rNeg     . . .     Faith    .   b - +0 robe
rPois    .         Spirit   .   (no helmet)
rElec    .         Reflect  .   (no cloak)
rCorr    .         Harm     .   (no gloves)
MR       .....                  l - +0 pair of boots
Stlth    +.........             (no amulet)
Regen    0.1/turn               (no ring)
MPRegen  0.1/turn               (no ring)

@: can't hop, very slightly contaminated, slow
A: +LOS, swims, slowness 1, strong legs 1
a: Hop


You were on level 2 of the Dungeon.
You were not hungry.

You visited 1 branch of the dungeon, and saw 3 of its levels.

You collected 126 gold pieces.

Inventory:

Missiles
 a - 11 arrows
Armour
 b - a +0 robe (worn)
 l - a +0 pair of boots (worn)
 o - a +0 buckler
Jewellery
 i - a +4 ring of dexterity {unknown}
Scrolls
 f - 4 scrolls of remove curse {unknown}
 h - 2 scrolls of enchant armour {unknown}
 j - a scroll of enchant weapon {unknown}
 m - a scroll of teleportation {unknown}
Potions
 e - a potion of magic {unknown}
 k - a potion of ambrosia {unknown}
 n - a potion of lignification {unknown}
Books
 c - a book of Changes

   Spells                             Type                      Level
   a - Beastly Appendage              Transmutation                1
   b - Sticks to Snakes               Transmutation                2
   c - Spider Form                    Transmutation/Poison         3
   d - Ice Form                       Ice/Transmutation            4
   e - Blade Hands                    Transmutation                5
Comestibles
 d - 7 bread rations
 g - 3 meat rations


   Skills:
 - Level 1.2 Fighting
 - Level 2.1 Dodging
 + Level 4.7 Unarmed Combat
 - Level 2.1 Spellcasting
 + Level 3.3 Transmutations


You had one spell level left.
You knew the following spells:

 Your Spells              Type           Power        Failure   Level  Hunger
a - Beastly Appendage     Tmut           ##....       6%          1    #......
b - Sticks to Snakes      Tmut           ##......     9%          2    ###....
c - Spider Form           Tmut/Pois      #.........   34%         3    ###....


Dungeon Overview and Level Annotations

Branches:
Dungeon (3/15)

Altars:


Innate Abilities, Weirdness & Mutations

Shadows flee at your approach. (+LOS)
You can swim through water.
You cover ground slowly.
You can hop short distances.


Message History

You are feeling hungry.
Things that are here:
a dagger; a stone You butcher the goblin corpse.
p - 2 chunks of flesh You see here a club. x2
Eating one of 2 chunks of flesh.
You eat one of the 2 chunks of flesh.
This raw flesh tastes terrible.
You see here a club.
There is a stone staircase leading down here.
All of the chunks of flesh in your inventory have rotted away.
Done exploring.
Done exploring.
(D) Dungeon
Where to? (Enter - D:2 @ (x,y), ? - help)
What level of the Dungeon? (default 1, ? - help)
You see here a dagger.
There is a stone staircase leading down here.
You climb downwards.
A rat, a goblin, an orc and an orc wizard come into view.
Found 18 arrows and a runed scale mail.
Found an escape hatch in the ceiling.
There is a stone staircase leading up here.
Casting: Spider Form
Confirm with . or Enter, or press ? or * to list all spells.
You turn into a venomous arachnid creature.
Your +0 pair of boots melds into your body.
Your +0 robe melds into your body.
An orc comes into view. It is wielding a short sword.
The goblin shouts!
The orc shouts!
The orc wizard shouts!
The orc moves out of view.
A frilled lizard comes into view.
Your transformation is almost over.
The frilled lizard hisses angrily.
The rat completely misses you.
The frilled lizard moves out of view.
You barely miss the rat. The rat completely misses you. The goblin hits you.
Damage: -6%(-2hp) hp: 94%(30hp)
You bite the goblin!
You kill the goblin!
The rat bites you but does no damage.
An adder and an orc come into view.
The orc shouts!
You hit the rat.
The rat is heavily wounded.
The adder moves out of view.
The rat bites you.
Damage: -6%(-2hp) hp: 88%(28hp)
The orc wizard mumbles some strange words.
The orc wizard blinks!
You hear a shout! x2
An orc comes into view. It is wielding a club. x2
There is a stone staircase leading up here.
You hit the orc.
The orc is poisoned.
The orc is heavily wounded.
The orc hits you with a dagger. The rat bites you.
Damage: -6%(-2hp) hp: 85%(27hp)
The orc hits you with a dagger! The rat closely misses you.
The orc completely misses you.
You climb upwards.
Your transformation has ended.
Your +0 pair of boots unmelds from your body.
Your +0 robe unmelds from your body.
There is a stone staircase leading down here.
Huge Dmg: -22%(-7hp) hp: 63%(20hp) Unknown command.
Casting: Spider Form
Confirm with . or Enter, or press ? or * to list all spells.
You miscast Spider Form.
You are very lightly contaminated with residual magic.
You feel mildly nauseous. The orc barely misses you.
The orc hits you but does no damage. The rat bites you. The orc misses you.
Damage: -9%(-3hp) hp: 54%(17hp)
Casting: Spider Form
Confirm with . or Enter, or press ? or * to list all spells.
Okay, then.
You closely miss the orc.
The orc is heavily wounded.
The orc hits you with a dagger.
* * * LOW HITPOINT WARNING * * *
The rat bites you but does no damage. The orc hits you with a short sword.
* * * LOW HITPOINT WARNING * * *
The orc hits you with a club.
* * * LOW HITPOINT WARNING * * *
Huge Dmg: -32%(-10hp) hp: 22%(7hp) Unknown command.
You punch the orc!
You kill the orc!
The rat misses you. The orc barely misses you. The orc hits you with a club.
* * * LOW HITPOINT WARNING * * *
Huge Dmg: -18%(-6hp) hp: 4%(1hp) Hop to where?
Press: ? - help, Dir - move target cursor Boing!
The orc suddenly yells.
The orc misses you.
Okay, then.
Casting: Spider Form
Confirm with . or Enter, or press ? or * to list all spells.
You create a snake!
You now have 11 arrows.
* * * LOW MAGIC WARNING * * *
The orc hits you with a short sword.
You die...

####.#..# ....#.#.#
##..###.# ........# #####
.#..##..#### ##### #...#
....##.....###...###...###
.#.......................#
.#.###.....#...o.........#
...###..#.##..ro@..).....#
.(......#....#ยง)S###...###
(..####.###..#####
#...######## .### #......#
#..........### .#
#####.########...###.......
.# #............# #.##.##.
.##### #...##.......#
#.##.##.
.)...######...##.......#
#.##.##.
.........##...#........#
#.##.##.


You could see 2 orcs, a rat and a friendly ball python.

Vanquished Creatures
  An adder (D:2)
  A worm (D:2)
  2 dart slugs (D:1)
  A leopard gecko (D:2)
  An orc (D:2)
  A ball python (D:2)
  4 giant cockroaches
  8 goblins
  5 hobgoblins
  3 jackals (D:1)
  A quokka (D:2)
  7 bats
  A frilled lizard (D:2)
  8 kobolds
  6 rats
50 creatures vanquished.

Notes
Turn   | Place    | Note
-------+----------+-------------------------------------------
     0 | D:1      | Monsterracer the Barachi Transmuter began the quest for the Orb.
     0 | D:1      | Reached XP level 1. HP: 15/15 MP: 3/3
    58 | D:1      | HP: 5/15 [dart slug (3)]
    64 | D:1      | HP: 4/15 [bat (1)]
    67 | D:1      | Reached XP level 2. HP: 6/21 MP: 3/5
    71 | D:1      | Learned a level 2 spell: Sticks to Snakes
   610 | D:1      | Reached skill level 4 in Unarmed Combat
   898 | D:1      | Reached XP level 3. HP: 22/26 MP: 4/6
   903 | D:1      | Learned a level 3 spell: Spider Form
  1965 | D:2      | Reached XP level 4. HP: 31/32 MP: 3/7
  2575 | D:2      | HP: 15/32 [orc/dagger (2)]
  2575 | D:2      | HP: 7/32 [orc/club (2)]
  2576 | D:2      | HP: 1/32 [orc/club (6)]
  2578 | D:2      | Slain by an orc

Skill      XL: |  1  2  3 |
---------------+----------+-----
Unarmed Combat | 4 |  4.7
Transmutations | 3 |  3.3
Fighting       | |  1.2
Dodging        | |  2.1
Spellcasting   | |  2.1

Action                   |  1- 3 |  4- 6 || total
-------------------------+-------+-------++-------
Melee: Unarmed           |   132 |    39 ||   171
       Kick              |     5 |       ||     5
       Punch             |     2 |       ||     2
       Headbutt          |     1 |       ||     1
 Cast: Beastly Appendage |     7 |       ||     7
       Spider Form       |     3 |     1 ||     4
       Sticks to Snakes  |       |     1 ||     1
 Abil: Hop               |       |     1 ||     1
 Stab: Sleeping          |     1 |       ||     1
       Distracted        |     1 |     1 ||     2
  Eat: Chunk             |     4 |     3 ||     7
Armor: Robe              |    31 |    10 ||    41
       Skin              |       |     1 ||     1
Dodge: Dodged            |   114 |    35 ||   149

Vault maps used:
D:1:      saegor_arrival_simple_a, nrook_mini_backslash
D:3:      kennysheep_slug_shrine, first_bread
